 Dungeon Crawl Stone Soup version 0.26.1-11-gd32895ea62 (webtiles) character file.

Game seed: 15175487878754935392

2257 Zeld the Cruncher (level 9, -3/54 HPs)
             Began as an Octopode Gladiator on May 22, 2021.
             Was a Follower of Okawaru.
             Slain by a centaur (9 damage)
             ... on level 8 of the Dungeon.
             The game lasted 00:13:32 (11262 turns).

Zeld the Cruncher (Octopode Gladiator)             Turns: 11262, Time: 00:13:32

Health: -3/54      AC:  1    Str: 16    XL:     9   Next: 37%
Magic:  9/9        EV: 14    Int: 11    God:    Okawaru [*.....]
Gold:   172        SH:  0    Dex: 13    Spells: 8/8 levels left

rFire    + . .     SeeInvis +   a - +1 quarterstaff
rCold    . . .     Faith    .   (shield currently unavailable)
rNeg     . . .     Spirit   .   b - +0 hat
rPois    .         Reflect  .   (no amulet)
rElec    .         Harm     .   g - ring of protection from fire
rCorr    +         Rampage  .   k - ring of resist corrosion
Will     .....                  n - ring of see invisible
Stlth    ++........             (no ring)
HPRegen  0.18/turn              (no ring)
MPRegen  0.11/turn              (no ring)
                                (no ring)
                                (no ring)

@: no status effects
A: almost no armour, stealthy swim, amphibious, 8 rings, constrict 8, camouflage
1, gelatinous body 1
a: Renounce Religion, Heroism


You were on level 8 of the Dungeon.
You worshipped Okawaru.
Okawaru was aware of your devotion.
You visited 2 branches of the dungeon, and saw 9 of its levels.

You collected 466 gold pieces.
You spent 294 gold pieces at shops.

Inventory:

Hand Weapons
 a - a +1 quarterstaff (weapon)
Missiles
 c - 3 throwing nets (quivered)
 f - 7 curare-tipped darts
 p - 6 boomerangs
 x - 25 poisoned darts
 B - 2 silver boomerangs
Armour
 b - a +0 hat (worn)
Jewellery
 g - a ring of protection from fire (left tentacle)
 k - a ring of resist corrosion (right tentacle)
 n - a ring of see invisible (on tentacle)
Wands
 q - a wand of polymorph (13)
 t - a wand of disintegration (17)
Scrolls
 e - 2 scrolls of identify
 h - 3 scrolls of fear
 i - 6 scrolls of remove curse
 j - 3 scrolls of amnesia
 l - 7 scrolls of teleportation
 r - 2 scrolls of magic mapping
 s - 2 scrolls of blinking
Potions
 d - 7 potions of curing
 m - 3 potions of flight {unknown}
 o - a potion of lignification {unknown}
 u - a potion of cancellation {unknown}
 v - a potion of attraction {unknown}
 w - 3 potions of heal wounds {unknown}
 z - 3 potions of degeneration {unknown}
 C - 2 potions of haste {unknown}


   Skills:
 - Level 2.0 Fighting
 * Level 12.2 Staves
 - Level 2.0 Throwing
 - Level 3.0 Dodging


You had 8 spell levels left.
You didn't know any spells.
Your spell library contained the following spells:

 Spells                   Type           Power        Failure   Level
 Corona                   Hex            0%           34%         1
 Ensorcelled Hibernation  Hex/Ice        0%           47%         2
 Confusing Touch          Hex            0%           71%         3
 Dazzling Flash           Conj/Hex       0%           71%         3
 Tukima's Dance           Hex            0%           71%         3


Dungeon Overview and Level Annotations

Branches:
Dungeon (8/15)             Temple (1/1) D:5
   Lair: D:8-11

Altars:
Ashenzari
Cheibriados
Dithmenos
Elyvilon
Fedhas
Gozag
Kikubaaqudgha
Makhleb
Nemelex Xobeh
Okawaru
Qazlal
Sif Muna
Trog
Uskayaw
Vehumet
Wu Jian
Xom
Yredelemnul
Zin
The Shining One

Shops:
D:6 *


Innate Abilities, Weirdness & Mutations

You cannot wear most types of armour.
You are very stealthy in the water. (Stealth+)
You are amphibious.
You can wear up to eight rings at the same time.
You can use your tentacles to constrict eight enemies at once.
Your skin changes colour to match your surroundings (Stealth+).
Your rubbery body absorbs attacks. (AC +1, EV +1)


Message History

You closely miss the centaur. Your squeeze misses the centaur.
The centaur misses you.
You thump the centaur!
The centaur is moderately wounded.
The centaur misses you.
The bullfrog zombie completely misses you.
The centaur closely misses you.
You barely miss the centaur.
You squeeze the centaur, but do no damage.
The centaur is moderately wounded.
The centaur misses you. The bullfrog zombie closely misses you.
You hit the centaur. You squeeze the centaur.
The centaur is heavily wounded.
The centaur hits you! x2
* * * LOW HITPOINT WARNING * * *
The bullfrog zombie hits you.
* * * LOW HITPOINT WARNING * * *
You are too injured to fight recklessly!
The centaur hits you!
You die...

........#...##...#
........'........'......
.#.####.#...##...#.....
.#.# #.#...# ..#....
.#.# #.#...# .#...
.#.####.#...# #..
.#......##### .#
.#################.##
...............(@c..#
##################Z.#
..# # .... ######.#
..... ........ .......
....## #...... K.K.#
....(. ....##########


You could see a centaur (berserk) and a bullfrog zombie.

Vanquished Creatures
  Edmund (D:2)
  A water moccasin (D:6)
  An ice beast (D:6)
  A sky beast (D:5)
  An ogre (D:4)
  2 phantoms (D:5)
  3 centaurs
  Blork the orc (D:5)
  A big kobold (D:8)
  3 bullfrogs
  2 scorpions (D:5)
  6 wights
  A jelly (D:8)
  2 hounds
  A centaur zombie (D:6)
  2 centaur skeletons
  An iguana (D:4)
  2 orc wizards (D:4)
  2 worker ants
  3 hound zombies
  A hound skeleton (D:4)
  A mummy (D:5)
  4 gnolls (D:3)
  2 howler monkey skeletons (D:4)
  13 adders
  2 white imps
  2 ufetubi
  An adder skeleton (D:4)
  2 worms
  A dart slug (D:1)
  A leopard gecko (D:4)
  8 orcs
  3 ball pythons
  9 bats
  5 giant cockroaches
  11 hobgoblins
  10 jackals
  8 kobolds
  3 quokkas
  8 frilled lizards
  17 goblins
  A hobgoblin zombie (D:5)
  A kobold zombie (D:5)
  2 orc zombies (D:5)
  A quokka zombie (D:5)
  7 rats
161 creatures vanquished.

Vanquished Creatures (others)
  2 wights (D:8)
2 creatures vanquished.

Grand Total: 163 creatures vanquished

Notes
Turn   | Place    | Note
-------+----------+-------------------------------------------
     0 | D:1      | Zeld the Octopode Gladiator began the quest for the Orb.
     0 | D:1      | Reached XP level 1. HP: 14/14 MP: 1/1
    87 | D:1      | Reached XP level 2. HP: 18/19 MP: 2/2
   296 | D:1      | Reached skill level 4 in Staves
   303 | D:1      | Reached XP level 3. HP: 22/24 MP: 3/3
  1008 | D:2      | Reached XP level 4. HP: 20/29 MP: 4/4
  1167 | D:2      | Found a glowing golden altar of the Shining One.
  1189 | D:2      | Reached skill level 5 in Staves
  2067 | D:3      | Found a glowing silver altar of Zin.
  2135 | D:3      | Reached XP level 5. HP: 34/34 MP: 5/5
  2754 | D:3      | Reached skill level 6 in Staves
  3297 | D:3      | Found a radiant altar of Vehumet.
  3297 | D:3      | Found a snail-covered altar of Cheibriados.
  3344 | D:3      | Reached XP level 6. HP: 39/39 MP: 6/6
  3757 | D:2      | Reached skill level 7 in Staves
  4286 | D:4      | Reached XP level 7. HP: 40/45 MP: 7/7
  4494 | D:4      | Reached skill level 8 in Staves
  4868 | D:5      | Entered Level 5 of the Dungeon
  5441 | D:5      | Reached skill level 9 in Staves
  5557 | D:5      | Reached XP level 8. HP: 50/50 MP: 8/8
  5602 | D:5      | Noticed Blork the orc
  5675 | D:5      | Killed Blork the orc
  5747 | D:4      | Reached skill level 10 in Staves
  6364 | D:5      | Noticed Edmund
  6709 | D:2      | Killed Edmund
  7095 | D:5      | Found an ancient bone altar of Kikubaaqudgha.
  7174 | D:5      | Found a staircase to the Ecumenical Temple.
  7185 | Temple   | Entered the Ecumenical Temple
  7222 | Temple   | Became a worshipper of Warmaster Okawaru
  7585 | D:6      | Found Atwaiwo's General Store.
  7591 | D:6      | Bought a scroll of enchant weapon for 90 gold pieces
  7591 | D:6      | Bought a potion of curing for 36 gold pieces
  7591 | D:6      | Bought a potion of berserk rage for 60 gold pieces
  7591 | D:6      | Bought a scroll of remove curse for 36 gold pieces
  7591 | D:6      | Bought a scroll of remove curse for 36 gold pieces
  7591 | D:6      | Bought 2 silver boomerangs for 36 gold pieces
  7952 | D:6      | Found a bloodstained altar of Trog.
  8069 | D:6      | Reached skill level 11 in Staves
  9048 | D:6      | Reached XP level 9. HP: 21/54 MP: 9/9
  9748 | D:6      | Reached * piety under Okawaru
 10065 | D:7      | Found a sparkling altar of Nemelex Xobeh.
 10123 | D:7      | Got a crude copper ring
 10248 | D:7      | Found a shimmering altar of Xom.
 10269 | D:7      | Found a shimmering altar of Xom.
 10269 | D:7      | Found a shimmering altar of Xom.
 10270 | D:7      | Found a shimmering altar of Xom.
 10272 | D:7      | Found a shimmering altar of Xom.
 10295 | D:7      | Found a hide-covered altar of Uskayaw.
 10755 | D:8      | Reached skill level 12 in Staves
 11086 | D:8      | Identified the ring of Adammy {+Fly rF+ Int+4 Dex-3} (You
                  | found it on level 7 of the Dungeon)
 11091 | D:8      | Found a basalt altar of Yredelemnul.
 11262 | D:8      | Slain by a centaur

Illustrated notes

Levels and vault maps discovered:
D:1:      matt_arrival_debris, layout_basic
D:2:      layout_loops_ring, overflow_temple_1_default,
          chequers_serial_rivers_small_b
D:3:      layout_loops_ring, lemuel_doored_altar,
          gammafunk_temple_overflow_elements, amcnicky_mini_corridor_feature
D:4:      layout_basic
D:5:      layout_rooms, kennysheep_little_box, minmay_temple_entry_fiery,
          minmay_mini_ossuary, uniq_blork_the_orc, uniq_edmund
D:6:      layout_cave_pools, bloody_trog, serial_shops, shop
D:7:      layout_rooms, old_standard_altar, kennysheep_mini_moat,
          xom_redecorated
D:8:      lemuel_ice_spiral_2, layout_basic, lemuel_round_altar, basic_altar,
          uniq_pikel
Temple:   hc_temple_tempest_star

Skill      XL: |  1  2  3  4  5  6  7  8  9 |
---------------+----------------------------+-----
Staves         | 4 5 6 7 9 11 12 | 12.2
Fighting       | |  2.0
Throwing       | |  2.0
Dodging        | |  3.0

Action                   |  1- 3 |  4- 6 |  7- 9 || total
-------------------------+-------+-------+-------++-------
Melee: Quarterstaff      |    76 |   123 |   218 ||   417
       Constrict         |    21 |    38 |    35 ||    94
       Tentacles         |     9 |    24 |    55 ||    88
  Use: Scroll            |       |       |     9 ||     9
       Potion            |       |       |     1 ||     1
 Stab: Sleeping          |     7 |     3 |     4 ||    14
       Distracted        |       |     1 |       ||     1
Armor: Skin              |     7 |     8 |     8 ||    23
Dodge: Dodged            |    59 |    78 |   153 ||   290
